 Dungeon Crawl Stone Soup version 0.27.1-33-g824d729ab1 (webtiles) character file.

Game seed: 13244946170760708374

420 pkoi the Ruffian (level 6, -5/48 HPs)
             Began as a Draconian Gladiator on Nov 30, 2021.
             Slain by a yak (12 damage)
             ... on level 5 of the Dungeon.
             The game lasted 00:03:40 (3299 turns).

pkoi the Ruffian (Draconian Gladiator)              Turns: 3299, Time: 00:03:41

Health: -5/48      AC:  7    Str: 16    XL:     6   Next: 62%
Magic:  6/6        EV: 12    Int: 11    God:
Gold:   134        SH:  0    Dex: 12    Spells: 5/5 levels left

rFire    + . .     SeeInvis .     - Unarmed
rCold    + . .     Faith    .   (no shield)
rNeg     . . .     Spirit   .   (armour unavailable)
rPois    +         Reflect  .   a - +1 hat
rElec    +         Harm     .   (no cloak)
rCorr    +         Rampage  .   (no gloves)
Will     +....                  (no boots)
Stlth    +.........             d - amulet of regeneration
HPRegen  1.16/turn              e - ring of willpower
MPRegen  0.10/turn              l - ring of flight

@: mighty, resistant, flying
A: AC +6, unfitting armour, cold-blooded
a: no special abilities


You were on level 5 of the Dungeon.
You visited 1 branch of the dungeon, and saw 5 of its levels.

You collected 134 gold pieces.

Inventory:

Missiles
 b - 3 throwing nets (quivered)
 n - 4 javelins
Armour
 a - a +1 hat (worn)
Jewellery
 d - an amulet of regeneration (around neck)
 e - a ring of willpower (left hand)
 l - a ring of flight (right hand)
 m - a ring of see invisible
Scrolls
 i - a scroll of immolation
 p - a scroll of teleportation
 r - a scroll of blinking
Potions
 f - a potion of curing
 g - a potion of attraction
 h - a potion of cancellation
 s - a potion of resistance


   Skills:
 - Level 2.1 Fighting
 - Level 1.7 Throwing
 - Level 2.6 Dodging
 + Level 7.6 Unarmed Combat


You had 5 spell levels left.
You didn't know any spells.
Your spell library contained the following spells:

 Spells                   Type           Power      Damage    Failure   Level
 Sting                    Tmut/Pois      0%         1d3       34%         1
 Poisonous Vapours        Pois/Air       0%         N/A       47%         2
 Slow                     Hex            0%         N/A       47%         2
 Confusing Touch          Hex            0%         N/A       71%         3
 Vampiric Draining        Necr           0%         2d6       71%         3
 Olgreb's Toxic Radiance  Pois           0%         N/A       98%         4


Dungeon Overview and Level Annotations

Branches:
Dungeon (5/15)
 Temple: D:4-7

Altars:
Kikubaaqudgha
Ru
The Shining One

Shops:
D:4 (

Annotations:
D:2 Sigmund


Innate Abilities, Weirdness & Mutations

Your plain brown scales are hard. (AC +6)
You cannot fit into any form of body armour.
You are cold-blooded and may be slowed by cold attacks.


Message History

The yak closely misses you. The yak gores you!
* * * LOW HITPOINT WARNING * * *
It was a potion of brilliance.
You feel clever all of a sudden. The yak gores you.
* * * LOW HITPOINT WARNING * * *
It was a potion of attraction.
You feel attractive to monsters. The yak gores you.
* * * LOW HITPOINT WARNING * * *
It was a potion of cancellation.
Your magical effects are unravelling.
You feel magically purged.
You feel a little less clever now. The yak gores you.
* * * LOW HITPOINT WARNING * * *
You feel less attractive to monsters.
It was a potion of flight.
You feel more buoyant. The yak barely misses you.
It was a potion of might.
You feel very mighty all of a sudden. The yak barely misses you.
It was a potion of resistance.
You feel protected. The yak misses you.
You hit the yak but do no damage.
Your tail-slap misses the yak.
The yak is lightly wounded.
You hit the yak.
The yak is lightly wounded.
The yak completely misses you.
You hit the yak.
The yak is moderately wounded.
The yak gores you.
* * * LOW HITPOINT WARNING * * *
You punch the yak!
The yak is heavily wounded.
The yak gores you!
You die...

########## .....>...#
.#######.########## #######
.#..............#<#######.....#
.#.......######.@Y..........#.#
.#.......# #.....#####.#.#.#
.#.....#.# ##...## #.#.#.#
.#.....#.# ##.## #.#.#.#
.###.###.# #.# #.Y.>.#
.........# #.# ###.###
.###.#.### ##'## #.# .# #.#.#
##...## #.# (# #.#.## ##.....##
##Y#


You could see a yak.

Vanquished Creatures
  A black bear (D:4)
  An ogre (D:4)
  2 hounds (D:5)
  2 iguanas
  Robin (D:3)
  3 adders
  An adder skeleton (D:4)
  2 dart slugs
  4 orcs (D:4)
  9 endoplasms
  A giant cockroach (D:2)
  10 goblins
  13 hobgoblins
  2 jackals (D:1)
  2 quokkas
  12 ball pythons
  8 bats
  3 frilled lizards
  7 kobolds
  4 rats
88 creatures vanquished.

Notes
Turn   | Place    | Note
-------+----------+-------------------------------------------
     0 | D:1      | pkoi the Draconian Gladiator began the quest for the Orb.
     0 | D:1      | Reached XP level 1. HP: 17/17 MP: 1/1
   227 | D:1      | Reached XP level 2. HP: 14/24 MP: 2/2
   311 | D:1      | Reached skill level 4 in Unarmed Combat
   529 | D:1      | Reached XP level 3. HP: 29/29 MP: 3/3
  1229 | D:2      | Noticed Sigmund
  1460 | D:3      | Found a faded altar of an unknown god.
  1500 | D:3      | Noticed Robin
  1553 | D:3      | Reached XP level 4. HP: 36/36 MP: 4/4
  1571 | D:3      | Killed Robin
  1572 | D:3      | Reached skill level 5 in Unarmed Combat
  1695 | D:3      | Found a glowing golden altar of the Shining One.
  1815 | D:3      | Found a sacrificial altar of Ru.
  2247 | D:4      | Noticed a black bear
  2248 | D:4      | Found Jauxe's Antique Weapon Boutique.
  2408 | D:4      | Killed a black bear
  2409 | D:4      | Reached skill level 6 in Unarmed Combat
  2409 | D:4      | Reached XP level 5. HP: 29/41 MP: 5/5
  2566 | D:4      | Found an ancient bone altar of Kikubaaqudgha.
  2566 | D:4      | Noticed an ogre
  2578 | D:4      | Killed an ogre
  2579 | D:4      | Reached skill level 7 in Unarmed Combat
  2579 | D:4      | Reached XP level 6. HP: 46/48 MP: 6/6
  3009 | D:5      | Entered Level 5 of the Dungeon
  3231 | D:5      | Noticed a yak
  3299 | D:5      | Slain by a yak

Illustrated notes

Levels and vault maps discovered:
D:1:      minmay_arrival_arboretum_small, layout_rooms, chequers_big_river,
          minmay_octomino_c4
D:2:      layout_loops_cross, serial_shops, nicolae_shop_crystal, st_stairs_11,
          minmay_quadrilaterals, uniq_crazy_yiuf_cottage, uniq_sigmund
D:3:      layout_basic, hangedman_ru_absence, tso_metal_star,
          shapermc_ecumenical_altar_starsandcircs, kennysheep_decorative_pillar,
          uniq_robin
D:4:      layout_loops_cross, lemuel_crystal_altar, serial_shops,
          nicolae_shop_window_shopping
D:5:      layout_loops_corners, temple_statues, uniq_prince_ribbit1

Skill      XL: |  1  2  3  4  5 |
---------------+----------------+-----
Unarmed Combat | 4 6 7 |  7.6
Fighting       | |  2.1
Throwing       | |  1.7
Dodging        | |  2.6

Action                   |  1- 3 |  4- 6 || total
-------------------------+-------+-------++-------
Melee: Unarmed           |   174 |   142 ||   316
       Tailslap          |    18 |    18 ||    36
       Punch             |     3 |     4 ||     7
  Use: Scroll            |     1 |     7 ||     8
       Potion            |       |     6 ||     6
 Stab: Sleeping          |     3 |     2 ||     5
Armor: Skin              |    64 |    34 ||    98
Dodge: Dodged            |    97 |    87 ||   184
